 Dungeon Crawl Stone Soup version 0.23.2-1-ga50397a6bc (webtiles) character file.

Game seed: 1611805822442879388

138187 Norn the Peltast (level 16, -30/129 HPs)
             Began as a Grey Draconian Fire Elementalist on Apr 22, 2019.
             Was a High Priest of Sif Muna.
             Killed from afar by a frost giant (55 damage)
             ... with a bolt of cold
             ... on level 1 of the Shoals on Apr 23, 2019.
             The game lasted 03:06:20 (53396 turns).

Norn the Peltast (DrFE)                            Turns: 53396, Time: 03:06:21

Health: -30/129    AC: 21    Str: 13    XL:     16   Next: 70%
Magic:  28/30      EV: 22    Int: 21    God:    Sif Muna [*****.]
Gold:   1321       SH: 13    Dex: 11    Spells: 4/35 levels left

rFire    + + .     SeeInvis .   E - +5 flail (venom)
rCold    . . .     Gourm    .   y - +1 shield
rNeg     . . .     Faith    .   (armour unavailable)
rPois    +         Spirit   .   h - +2 hat {MR+}
rElec    .         Reflect  .   V - +2 cloak {MR+}
rCorr    .         Harm     .   Q - +0 pair of gloves of Vise {rF++ Regen+}
MR       +++..                  R - +0 pair of boots
Stlth    ++........             p - amulet of rage
HPRegen  0.71/turn              w - ring of Phasing {EV+8, =R}
MPRegen  0.22/turn              X - ring of poison resistance

@: barbed spikes, slowed, lightly drained, divine energy, very slow
A: walk through water, unfitting armour, frail 1, unbreathing, cold-blooded, AC
+14
a: Stop Divine Energy, Channel Magic, Forget Spell, Renounce Religion, Evoke
Berserk Rage


You were on level 1 of the Shoals.
You worshipped Sif Muna.
Sif Muna was extremely pleased with you.
You were not hungry.

You visited 6 branches of the dungeon, and saw 29 of its levels.

You collected 2628 gold pieces.
You spent 1307 gold pieces at shops.

Inventory:

Hand Weapons
 A - the cursed +1 falchion "Lejiugeo" {freeze, rPois}
   (You found it on level 14 of the Dungeon)

   It has been specially enchanted to freeze those struck by it, causing extra
   injury to most foes and up to half again as much damage against particularly
   susceptible opponents.
   It can also slow down cold-blooded creatures.
   It protects you from poison.
   It has a curse placed upon it.
 E - a +5 flail of venom (weapon)
   (You took it off Edmund on level 4 of the Dungeon)
Missiles
 b - 487 stones (quivered)
 H - 4 throwing nets {!f}
Armour
 h - a +2 hat of magic resistance (worn)
   (You acquired it on level 2 of the Orcish Mines)
 y - a +1 shield (worn)
   (You took it off a gnoll sergeant on level 5 of the Dungeon)
 Q - the +0 pair of gloves of Vise (worn) {rF++ Regen+}
   (You found it on level 2 of the Spider Nest)

   It greatly protects you from fire.
   It increases your rate of regeneration.
 R - a +0 pair of boots (worn)
   (You found it on level 1 of the Lair of Beasts)
 V - a +2 cloak of magic resistance (worn)
   (You found it on level 5 of the Lair of Beasts)
Magical Staves
 S - an uncursed staff of power {!a}
   (You found it on level 14 of the Dungeon)
 T - an uncursed staff of wizardry {!a}
   (You found it on level 1 of the Lair of Beasts)
Jewellery
 f - an uncursed ring of fire
   (You found it on level 8 of the Dungeon)
 l - an uncursed ring of positive energy
   (You found it on level 4 of the Lair of Beasts)
 o - an uncursed ring of protection from cold
   (You found it on level 7 of the Dungeon)
 p - an amulet of rage (around neck)
   (You found it on level 3 of the Dungeon)
 w - the ring of Phasing (left hand) {EV+8, =R}
   (You took it off a crimson imp on level 5 of the Dungeon)

   [ring of evasion]

   It affects your evasion (+8).
 z - an uncursed ring of see invisible
   (You found it on level 2 of the Dungeon)
 D - the ring "Zimeoffi" {Wiz -Tele rElec rF+}
   (You bought it in a shop on level 2 of the Orcish Mines)

   [ring of wizardry]

   It improves your spell success rate.
   It protects you from fire.
   It insulates you from electricity.
   It prevents most forms of teleportation.
 N - an uncursed ring of magical power
   (You found it on level 6 of the Lair of Beasts)
 W - an uncursed ring of flight
   (You found it on level 2 of the Lair of Beasts)
 X - a ring of poison resistance (right hand)
   (You found it on level 6 of the Lair of Beasts)
Wands
 c - a wand of disintegration (9)
   (You found it on level 5 of the Lair of Beasts)
 d - a wand of iceblast (38)
   (You found it on level 6 of the Dungeon)
 q - a wand of scattershot (1)
   (You found it on level 6 of the Lair of Beasts)
 t - a wand of flame (19)
   (You took it off a goblin on level 7 of the Dungeon)
 u - a wand of paralysis (17)
   (You found it on level 2 of the Lair of Beasts)
 v - a wand of digging (9)
   (You found it on level 1 of the Lair of Beasts)
 x - a wand of acid (16)
   (You found it on level 7 of the Dungeon)
Scrolls
 g - 2 scrolls of teleportation {@r4}
 k - 4 scrolls of enchant armour
 n - 2 scrolls of amnesia {unknown}
 r - 7 scrolls of magic mapping
 s - 6 scrolls of remove curse {@r2}
 C - a scroll of enchant weapon
 I - 3 scrolls of fog
 J - 5 scrolls of immolation {!r}
Potions
 i - 6 potions of curing {@q1}
 j - a potion of resistance
 m - 7 potions of mutation {!q}
 B - 4 potions of haste {@q3}
 G - a potion of might
 K - 5 potions of lignification {!q}
 L - 2 potions of cancellation
 M - 2 potions of agility
 O - 2 potions of brilliance
 P - 3 potions of magic
 U - 4 potions of flight
 Y - 2 potions of ambrosia
Comestibles
 a - 10 chunks of flesh
 e - 15 rations {!d}


   Skills:
 + Level 13.2(12.7) Fighting
 + Level 5.2(4.8) Dodging
 - Level 1.7(1.4) Stealth
 - Level 15.0(14.5) Shields
 - Level 10.0(9.5) Spellcasting
 * Level 12.9(12.5) Conjurations
 - Level 4.0(3.6) Translocations
 * Level 12.3(11.8) Fire Magic
 - Level 12.1(11.6) Earth Magic


You had 4 spell levels left.
You knew the following spells:

 Your Spells              Type           Power        Failure   Level  Hunger
a - Flame Tongue          Conj/Fire      #####        1%          1    None
b - Fireball              Conj/Fire      ######....   1%          5    ####...
c - Blink                 Tloc           N/A          2%          2    None
d - Conjure Flame         Conj/Fire      ######..     1%          3    None
e - Iron Shot             Conj/Erth      ######....   8%          6    ######.
f - Mephitic Cloud        Conj/Pois/Air  ####....     3%          3    None
g - Dispel Undead         Necr           ##......     89%         5    ####...
q - Sticky Flame          Conj/Fire      ######..     1%          4    ##.....
x - Throw Flame           Conj/Fire      ######       1%          2    None

Your spell library contained the following spells:

 Spells                   Type           Power        Failure   Level  Hunger
 Magic Dart               Conj           ####         1%          1    None
 Shock                    Conj/Air       ####         1%          1    None
 Sting                    Conj/Pois      ####         1%          1    None
 Passwall                 Tmut/Erth      ####....     1%          2    None
 Searing Ray              Conj           ######       1%          2    None
 Dazzling Spray           Conj/Hex       #####.       1%          3    None
 Inner Flame              Hex/Fire       ####....     1%          3    None
 Static Discharge         Conj/Air       #####...     1%          3    None
 Iskenderun's Mystic Bla  Conj           ######..     1%          4    ##.....
 Force Lance              Conj/Tloc      #####...     2%          4    ##.....
 Shroud of Golubria       Chrm/Tloc      ###.......   4%          2    None
 Gell's Gravitas          Tloc           ####......   4%          3    None
 Teleport Other           Tloc           ####....     4%          3    None
 Fulminant Prism          Conj/Hex       #####.....   5%          4    ##.....
 Throw Icicle             Conj/Ice       #####...     5%          4    ##.....
 Leda's Liquefaction      Hex/Erth       ####......   6%          4    ##.....
 Beastly Appendage        Tmut           ##....       7%          1    None
 Summon Butterflies       Summ           ##......     7%          1    None
 Summon Small Mammal      Summ           ##..         7%          1    None
 Call Imp                 Summ           ##......     11%         2    None
 Corpse Rot               Necr           N/A          11%         2    None
 Slow                     Hex            ##......     11%         2    None
 Sublimation of Blood     Necr           ##........   11%         2    None
 Swiftness                Chrm/Air       ##......     11%         2    None
 Call Canine Familiar     Summ           ##......     22%         3    None
 Summon Guardian Golem    Hex/Summ       ##......     22%         3    None
 Summon Ice Beast         Ice/Summ       ##......     56%         4    ##.....
 Summon Lightning Spire   Summ/Air       ##......     56%         4    ##.....
 Bolt of Magma            Conj/Fire/Erth ######....   1%          5    ####...
 Bolt of Fire             Conj/Fire      ######....   7%          6    ######.
 Bolt of Draining         Conj/Necr      #####.....   16%         5    ####...
 Irradiate                Conj/Tmut      #####.....   16%         5    ####...
 Bolt of Cold             Conj/Ice       #####.....   63%         6    ######.
 Conjure Ball Lightning   Conj/Air       #####.....   63%         6    ######.
 Statue Form              Tmut/Erth      ####.....    69%         6    ######.
 Agony                    Necr           ##......     89%         5    ####...
 Excruciating Wounds      Chrm/Necr      ##........   89%         5    ####...
 Silence                  Hex/Air        ##........   89%         5    ####...
 Freezing Cloud           Conj/Ice/Air   ####......   89%         6    ######.
 Ring of Flames           Chrm/Fire      ####......   99%         7    #######
 Simulacrum               Ice/Necr       ##........   100%        6    ######.
 Monstrous Menagerie      Summ           ##........   100%        7    #######
 Fire Storm               Conj/Fire      ######....   100%        9    #######
 Glaciate                 Conj/Ice       #####.....   100%        9    #######
 Shatter                  Erth           ######....   100%        9    #######


Dungeon Overview and Level Annotations

Branches:
Dungeon (15/15)            Temple (1/1) D:4            Lair (6/6) D:8
 Shoals (1/4) Lair:2       Spider (4/4) Lair:3        Slime (0/5) Lair:6
    Orc (2/2) D:9             Elf (0/3) Orc:2        Vaults (0/5) D:13
 Depths: D:15

Altars:
Ashenzari
Cheibriados
Dithmenos
Elyvilon
Fedhas
Gozag
Hepliaklqana
Kikubaaqudgha
Makhleb
Nemelex Xobeh
Okawaru
Qazlal
Ru
Sif Muna
Trog
Uskayaw
Vehumet
Wu Jian
Xom
Yredelemnul
Zin
The Shining One
Beogh
Jiyva
Lugonu

Shops:
D:5 ?   D:8 !   Orc:2 ==}

Annotations:
D:7 exclusion: downstairs
D:15 Azrael
Lair:4 Zlobey's ghost, journeyman GrFi
Spider:4 Asterion
Orc:1 2 runed translucent doors, exclusion: orange crystal statue


Innate Abilities, Weirdness & Mutations

You can walk through water.
Your dull iron-grey scales are very hard. (AC +14)
You cannot fit into any form of body armour.
You can survive without breathing.
You are cold-blooded and may be slowed by cold attacks.
You are frail. (-10% HP)


Message History

The wind drake flaps its wings at you. The air twists around and strikes you!
You block the merfolk's attack.
There is a staircase back to the Lair here.
You see here a large rock.
The stone giant shouts!
You hear a shout!
The merfolk burns!
The wind drake exhales a fierce blast of wind!
You stop ascending the stairs.
You are blown backwards!
The merfolk siren, the merfolk and the manticore are blown away by the wind.
The frost giant hits you with a +2 battleaxe of freezing!!
The frost giant freezes you.
The stone giant throws a large rock.
The large rock barely misses you.
You hear a splash.
The merfolk burns!
The merfolk stops burning.
The merfolk siren hits you from afar with a +0 spear!
* * * LOW HITPOINT WARNING * * *
The cyclops throws a large rock.
The large rock closely misses you.
The frost giant points at you and mumbles some strange words.
The bolt of cold hits you!
* * * LOW HITPOINT WARNING * * *
The stone giant throws a large rock.
You block the large rock.
The merfolk siren chants a haunting song.
You resist with almost no effort. You block the frost giant's attack.
You block the wind drake's attack.
There is a staircase back to the Lair here.
You see here a large rock.
Unknown command.
The wind drake exhales a fierce blast of wind!
You stop ascending the stairs.
You are blown backwards!
The merfolk and the manticore are blown away by the wind.
The merfolk siren chants a haunting song.
You resist with almost no effort.
The cyclops throws a large rock.
You block the large rock.
The stone giant throws a large rock.
The large rock hits you.
* * * LOW HITPOINT WARNING * * *
The frost giant hits you with a +2 battleaxe of freezing!
* * * LOW HITPOINT WARNING * * *
You feel yourself slow down. The frost giant freezes you.
* * * LOW HITPOINT WARNING * * *
You see here 2 large rocks.
You block the wind drake's attack.
The manticore flicks its tail.
The volley of spikes hits you.
The barbed spikes become lodged in your body.
* * * LOW HITPOINT WARNING * * *
The wind drake bites you but does no damage.
The frost giant gestures at you while chanting.
The bolt of cold hits you!!!
You die...

PP..≈..#.....≈≈≈≈
≈..............≈≈≈
≈≈≈..P...........P
≈≈..PP.........÷.#
≈P...............#
≈≈...≈≈.(≈........
≈P...≈≈≈≈...C.....
≈P....P≈k(.......#
≈≈P....@Cm..C...≈#
≈≈...###(≈......P≈
≈≈≈. #.≈....>.≈≈
≈≈...P....H...?..P
....#.....)m.....
.P ##.......####
#.##...## .# ...#
. ...#


You could see a frost giant, a stone giant, a wind drake, a merfolk, a
manticore, a cyclops and a merfolk siren.

Vanquished Creatures
  Bai Suzhen (Spider:2)
  Rupert (Lair:4)
  Frances (D:14)
  Kirke (Spider:4)
  An orc warlord (Orc:1)
  2 ghost moths (Spider:2)
  Aizul (Spider:3)
  An emperor scorpion (Spider:3)
  An entropy weaver (Spider:2)
  2 death oozes (Lair:5)
  Snorg (Orc:2)
  Josephine (Orc:2)
  Harold (D:8)
  7 vault guards
  4 catoblepae
  5 hydras
  A centaur warrior (D:13)
  11 death yaks
  5 orc high priests (Orc:2)
  Nergalle (D:9)
  An unseen horror (D:14)
  21 orb spiders
  2 lindwurms (Lair:3)
  9 orc knights
  A deep elf mage (D:14)
  8 ugly things
  2 orc sorcerers (Orc:2)
  18 wolf spiders
  6 cyclopes
  5 manticores
  4 moths of wrath
  An elephant (Lair:2)
  2 gargoyles
  3 black mambas
  Joseph (D:8)
  5 torpor snails
  9 spiny frogs
  3 centaur skeletons
  2 rime drakes
  An efreet (D:14)
  5 komodo dragons
  3 demonic crawlers
  4 kobold demonologists
  A komodo dragon (shapeshifter) (D:15)
  7 trolls
  3 meliai (D:14)
  20 jumping spiders
  A merfolk (D:9)
  A wind drake (Lair:2)
  A polar bear (Lair:5)
  13 tyrant leeches
  4 hornets
  7 blink frogs
  8 slime creatures
  Prince Ribbit (D:7)
  8 dream sheep
  8 hippogriffs
  18 tarantellas
  2 shadows (D:11)
  45 redbacks
  61 yaks
  3 wyverns
  A vampire (D:11)
  4 wraiths
  A basilisk (Lair:3)
  2 fire elementals (D:15)
  A hog (Spider:4)
  6 vampire mosquitoes (Lair:4)
  Edmund (D:4)
  2 hungry ghosts
  2 swamp worms (Spider:2)
  An insubstantial wisp (Lair:4)
  2 acid dragons
  10 water moccasins
  4 porcupines
  4 hell hounds (D:15)
  37 orc warriors
  4 sky beasts
  4 black bears
  4 ice beasts
  6 ogres
  A hornet zombie (D:15)
  2 phantoms
  4 centaurs (D:11)
  14 wolves
  9 crocodiles
  2 big kobolds (D:11)
  21 bullfrogs
  5 gnoll sergeants
  A wyvern zombie (D:13)
  A scorpion (D:9)
  10 wights
  10 killer bees
  8 electric eels
  2 howler monkeys
  3 crimson imps
  3 bullfrog zombies
  5 centaur zombies
  3 jellies
  A quasit (D:6)
  2 gnoll shamans (D:5)
  10 hounds
  30 orc priests
  3 bullfrog skeletons
  16 orc wizards
  3 iguanas
  2 hell rats (Lair:1)
  15 worker ants
  A hound zombie (D:5)
  A hound skeleton (D:4)
  A mummy (D:15)
  Robin (D:2)
  A worker ant zombie (D:8)
  35 gnolls
  7 river rats
  17 adders
  A shadow imp (D:7)
  An ooze (D:7)
  2 adder skeletons (D:4)
  4 worms
  4 dart slugs
  5 leopard geckos
  109 orcs
  3 bats
  7 giant cockroaches
  14 goblins
  10 hobgoblins
  13 jackals
  10 kobolds
  3 quokkas
  3 frilled lizards
  A jackal skeleton (D:4)
  A jackal zombie (D:8)
  9 rats
  A fungus (Lair:5)
  2 plants (Lair:4)
926 creatures vanquished.

Vanquished Creatures (collateral kills)
  An ugly thing (D:14)
1 creature vanquished.

Vanquished Creatures (others)
  A lindwurm (Lair:3)
  A hornet (Spider:3)
  A tarantella (Spider:3)
  A human (Spider:4)
  A centaur zombie (D:8)
  A worker ant (D:14)
  An orc (Orc:2)
  25 fungi
  31 plants
  4 toadstools (Lair:3)
67 creatures vanquished.

Grand Total: 994 creatures vanquished

Notes
Turn   | Place    | Note
-------+----------+-------------------------------------------
     0 | D:1      | Norn the Draconian Fire Elementalist began the quest for
                  | the Orb.
     0 | D:1      | Reached XP level 1. HP: 14/14 MP: 3/3
   493 | D:1      | Reached XP level 2. HP: 22/22 MP: 3/5
   497 | D:1      | Learned a level 2 spell: Throw Flame
  1453 | D:2      | Reached skill level 1 in Fighting
  1453 | D:2      | Reached XP level 3. HP: 28/28 MP: 1/6
  1764 | D:2      | Found an iron altar of Okawaru.
  1773 | D:2      | Noticed Robin
  2168 | D:2      | Reached XP level 4. HP: 35/35 MP: 1/7
  2647 | D:2      | Killed Robin
  3071 | D:3      | Learned a level 3 spell: Conjure Flame
  3110 | D:3      | Noticed an ogre
  3146 | D:3      | Killed an ogre
  3146 | D:3      | Reached XP level 5. HP: 41/41 MP: 0/9
  3721 | D:3      | Reached XP level 6. HP: 48/50 MP: 2/10
  3736 | D:3      | Found a snail-covered altar of Cheibriados.
  4280 | D:4      | HP: 2/50 [orc priest/divine providence (15)]
  4825 | D:4      | Reached skill level 5 in Fire Magic
  4959 | D:4      | Noticed Edmund
  5633 | D:4      | Found a staircase to the Ecumenical Temple.
  5642 | Temple   | Entered the Ecumenical Temple
  5830 | D:5      | Entered Level 5 of the Dungeon
  6009 | D:5      | Found a stormy altar of Qazlal.
  6025 | D:5      | Noticed an ice beast
  6039 | D:5      | Your scales start taking on a dull iron-grey colour.
  6039 | D:5      | Reached XP level 7. HP: 57/57 MP: 4/11
  6039 | D:5      | Gained mutation: You can survive without breathing. [Grey
                  | Draconian growth]
  6382 | D:4      | Reached skill level 5 in Conjurations
  6877 | D:5      | Reached XP level 8. HP: 56/66 MP: 0/14
  7150 | D:4      | Learned a level 4 spell: Sticky Flame
  7268 | D:4      | Killed Edmund
  7830 | D:5      | Found Keofaff's Magic Scroll Emporium.
  7833 | D:5      | Bought a scroll of remove curse for 45 gold pieces
  7833 | D:5      | Bought a scroll of magic mapping for 52 gold pieces
  8457 | D:5      | Reached skill level 5 in Fighting
  8961 | D:6      | Reached XP level 9. HP: 74/74 MP: 9/16
  9152 | D:6      | Found a deep blue altar of Sif Muna.
  9154 | D:6      | Found a shadowy altar of Dithmenos.
  9178 | D:6      | Reached skill level 5 in Spellcasting
  9408 | D:6      | Learned a level 5 spell: Fireball
  9408 | D:6      | Became a worshipper of Sif Muna the Loreminder
 10052 | D:7      | Found a shimmering altar of Xom.
 10070 | D:7      | Found a radiant altar of Vehumet.
 10390 | D:7      | Found a white marble altar of Elyvilon.
 10411 | D:7      | Reached * piety under Sif Muna
 10551 | D:7      | Found a sacrificial altar of Ru.
 10615 | D:7      | Noticed Prince Ribbit
 10621 | D:7      | Killed Prince Ribbit
 10639 | D:7      | Found an opulent altar of Gozag.
 11053 | D:8      | Noticed Joseph
 11227 | D:8      | Found Vason's Distillery.
 11235 | D:8      | Bought a potion of heal wounds for 70 gold pieces
 11247 | D:8      | Noticed Harold
 11744 | D:8      | Killed Harold
 11744 | D:8      | Reached XP level 10. HP: 65/84 MP: 3/18
 11881 | D:8      | Killed Joseph
 11881 | D:8      | Reached ** piety under Sif Muna
 12061 | D:8      | Noticed a +0 dagger
 12061 | D:8      | Noticed a +0 hand axe
 12062 | D:8      | Found a hide-covered altar of Uskayaw.
 12154 | D:8      | Found a staircase to the Lair.
 13388 | D:9      | Found a roughly hewn altar of Beogh.
 13388 | D:9      | Found a staircase to the Orcish Mines.
 13393 | D:9      | Reached *** piety under Sif Muna
 14068 | D:9      | Reached skill level 10 in Fire Magic
 14355 | D:9      | Reached skill level 10 in Conjurations
 14453 | D:10     | Entered Level 10 of the Dungeon
 14982 | D:10     | Found a radiant altar of Vehumet.
 14988 | D:10     | Reached XP level 11. HP: 94/94 MP: 12/21
 15156 | D:10     | Reached skill level 1 in Shields
 15425 | Lair:1   | Entered Level 1 of the Lair of Beasts
 15609 | D:8      | Reached skill level 2 in Shields
 15970 | Lair:1   | Reached skill level 3 in Shields
 16078 | Lair:1   | Reached skill level 4 in Shields
 16252 | Lair:1   | Got a faintly glowing trident
 16313 | Lair:1   | Reached skill level 5 in Shields
 16509 | Lair:1   | Reached skill level 6 in Shields
 16812 | Lair:1   | Found a shattered altar of Ashenzari.
 17165 | Lair:2   | Noticed a five-headed hydra
 17167 | Lair:2   | Reached skill level 7 in Shields
 17168 | Lair:2   | Killed a five-headed hydra
 17196 | Lair:1   | Reached skill level 8 in Shields
 17404 | Lair:2   | Got an iridescent war axe
 17461 | Lair:2   | Reached skill level 9 in Shields
 18139 | Lair:2   | Learned a level 3 spell: Mephitic Cloud
 18286 | Lair:2   | Found a staircase to the Shoals.
 18728 | Lair:3   | Reached XP level 12. HP: 74/101 MP: 19/22
 18906 | Lair:3   | Found a hole to the Spider Nest.
 18963 | Lair:2   | Reached skill level 10 in Shields
 19328 | Lair:2   | Reached **** piety under Sif Muna
 20172 | Lair:3   | Found a runed translucent door.
 20490 | Lair:3   | Reached skill level 11 in Shields
 20894 | Lair:4   | Reached skill level 12 in Shields
 22021 | Lair:5   | Noticed a seven-headed hydra
 22570 | Lair:5   | Reached skill level 13 in Shields
 22725 | Lair:5   | Noticed a catoblepas
 22737 | Lair:5   | Found a runed translucent gate.
 22737 | Lair:5   | Found a runed translucent gate.
 22737 | Lair:5   | Found a runed translucent gate.
 22744 | Lair:5   | Noticed Zlobey's ghost (journeyman GrFi)
 22744 | Lair:5   | Noticed a death ooze
 22745 | Lair:5   | Killed a catoblepas
 22745 | Lair:5   | Noticed a death ooze
 22791 | Lair:5   | Killed a seven-headed hydra
 23249 | Lair:5   | Noticed Rupert
 23256 | Lair:5   | Paralysed by Rupert for 3 turns
 23377 | Lair:5   | Learned a level 2 spell: Blink
 23540 | Lair:5   | Reached XP level 13. HP: 107/107 MP: 1/23
 23806 | Lair:4   | Killed Rupert
 23806 | Lair:4   | Reached skill level 14 in Shields
 24133 | Lair:5   | Found a viscous altar of Jiyva.
 24186 | Lair:6   | Entered Level 6 of the Lair of Beasts
 25088 | Lair:5   | Reached skill level 15 in Shields
 25096 | Lair:5   | Learned a level 6 spell: Iron Shot
 25158 | Lair:5   | Reached skill level 1 in Earth Magic
 25459 | Lair:5   | Killed a death ooze
 25551 | Lair:5   | Killed a death ooze
 26199 | Lair:6   | Found a viscous altar of Jiyva.
 26200 | Lair:6   | Found a staircase to the Slime Pits.
 26778 | Lair:6   | Reached skill level 5 in Earth Magic
 28068 | Lair:6   | Reached XP level 14. HP: 99/119 MP: 1/26
 28579 | Lair:5   | Reached ***** piety under Sif Muna
 29000 | Lair:6   | Reached skill level 10 in Fighting
 29534 | D:11     | Identified Muetelob's Disquisition on Cold and
                  | Augmentations (Sif Muna gifted it to you on level 11 of the
                  | Dungeon)
 29534 | D:11     | Received a gift from Sif Muna
 30384 | D:11     | Got a jewelled dagger
 31286 | D:11     | Learned a level 5 spell: Dispel Undead
 31449 | D:12     | Identified the cursed +0 dagger of Foul Odors {venom,
                  | +Blink Stlth+} (You found it on level 11 of the Dungeon)
 32037 | D:13     | Found a gate to the Vaults.
 32090 | D:12     | Reached skill level 1 in Translocations
 33179 | D:13     | Found a hazy altar of Hepliaklqana.
 33229 | D:13     | You fall through a shaft for 2 floors!
 33229 | D:15     | Entered Level 15 of the Dungeon
 33773 | D:14     | Identified Sif Muna's Incunabulum of Spatial Transmigration
                  | (Sif Muna gifted it to you on level 14 of the Dungeon)
 33773 | D:14     | Received a gift from Sif Muna
 33865 | D:14     | Identified the +6 trident of the Walnut {holy, MP+9 Str+5
                  | Stlth+} (You found it on level 1 of the Lair of Beasts)
 34005 | D:14     | Reached skill level 10 in Earth Magic
 34596 | D:14     | Reached skill level 10 in Spellcasting
 34720 | D:14     | Found a glowing golden altar of the Shining One.
 34720 | D:14     | Noticed Frances
 34738 | D:14     | Gained mutation: You are frail. (-10% HP) [a neqoxec]
 34741 | D:14     | Killed Frances
 34741 | D:14     | Reached XP level 15. HP: 83/117 MP: 4/29
 35035 | D:14     | Got a shimmering falchion
 35456 | D:15     | Found an ancient bone altar of Kikubaaqudgha.
 35558 | D:15     | Noticed Azrael
 36195 | Orc:1    | Entered Level 1 of the Orcish Mines
 36195 | Orc:1    | Noticed Nergalle
 36212 | D:9      | Killed Nergalle
 36340 | Orc:1    | Found a runed translucent door.
 36342 | Orc:1    | Found the +10 large shield of Ignorance {rN+ Int-4}
 36505 | Orc:1    | Found a runed translucent door.
 36929 | Orc:2    | Entered Level 2 of the Orcish Mines
 37017 | Orc:2    | Found a staircase to the Elven Halls.
 37418 | Orc:2    | Noticed an orc warlord
 37642 | Orc:2    | Noticed Josephine
 38019 | Orc:2    | Killed Josephine
 40071 | Orc:2    | Identified Sif Muna's Reference Book on the Blaze and
                  | Lightness (Sif Muna gifted it to you on level 2 of the
                  | Orcish Mines)
 40071 | Orc:2    | Received a gift from Sif Muna
 40505 | Orc:2    | Noticed Snorg
 40816 | Orc:2    | Killed Snorg
 41056 | Orc:1    | Killed an orc warlord
 42178 | Orc:2    | Found Xudaor's Food Boutique.
 42181 | Orc:2    | Found Deesmuwu's Jewellery Boutique.
 42182 | Orc:2    | Found Xasos's Gadget Boutique.
 42183 | Orc:2    | Found Tudeesk's Jewellery Shop.
 42288 | Orc:2    | Bought the ring "Zimeoffi" {Wiz -Tele rElec rF+} for 590
                  | gold pieces
 42292 | Orc:2    | Identified a scroll of acquirement
 42542 | Spider:1 | Entered Level 1 of the Spider Nest
 44577 | Orc:2    | Bought a ration for 55 gold pieces
 44577 | Orc:2    | Bought a ration for 55 gold pieces
 44577 | Orc:2    | Bought a ration for 55 gold pieces
 44577 | Orc:2    | Bought a ration for 55 gold pieces
 44577 | Orc:2    | Bought a ration for 55 gold pieces
 44577 | Orc:2    | Bought a ration for 55 gold pieces
 44577 | Orc:2    | Bought a ration for 55 gold pieces
 44577 | Orc:2    | Bought a ration for 55 gold pieces
 44577 | Orc:2    | Bought a ration for 55 gold pieces
 44577 | Orc:2    | Bought a ration for 55 gold pieces
 45922 | Spider:2 | Identified Sif Muna's Papyrus of Creative Confrontation
                  | (Sif Muna gifted it to you on level 2 of the Spider Nest)
 45922 | Spider:2 | Received a gift from Sif Muna
 46299 | Spider:2 | Noticed a ghost moth
 46314 | Spider:2 | Killed a ghost moth
 46348 | Spider:2 | Noticed a ghost moth
 46633 | Spider:2 | Killed a ghost moth
 46970 | Spider:2 | Reached XP level 16. HP: 126/126 MP: 23/30
 48811 | Spider:2 | Identified the +5 war axe "Maamec" {chop, *Rage Int+7} (You
                  | found it on level 2 of the Lair of Beasts)
 48822 | Spider:2 | Got a pair of smoking gloves
 49699 | Spider:3 | Identified the cursed +0 pair of gloves of Vise {rF++
                  | Regen+} (You found it on level 2 of the Spider Nest)
 50057 | Spider:4 | Entered Level 4 of the Spider Nest
 50058 | Spider:4 | Identified the +1 shield "Dychaar" {rElec rCorr Int-4
                  | Stlth-}
 50058 | Spider:4 | Noticed Asterion
 50065 | Spider:4 | Noticed Aizul
 50080 | Spider:3 | Killed Aizul
 50937 | Spider:4 | Identified Sif Muna's Grimoire of the Bear (Sif Muna gifted
                  | it to you on level 4 of the Spider Nest)
 50937 | Spider:4 | Received a gift from Sif Muna
 51093 | Spider:4 | Noticed Bai Suzhen
 51793 | Spider:4 | Noticed Kirke
 51912 | Spider:4 | Noticed a sphinx
 51913 | Spider:4 | Noticed a sphinx
 51914 | Spider:4 | Killed Kirke
 51914 | Spider:4 | Reached skill level 5 in Dodging
 52545 | Spider:3 | Identified the cursed +1 falchion "Lejiugeo" {freeze,
                  | rPois} (You found it on level 14 of the Dungeon)
 52827 | Spider:2 | Killed Bai Suzhen
 53128 | Shoals:1 | Entered Level 1 of the Shoals
 53396 | Shoals:1 | Killed from afar by a frost giant

Skill      XL: |  1  2  3  4  5  6  7  8  9 10 11 12 13 14 15 16 |
---------------+-------------------------------------------------+-----
Fighting       | 1 2 3 4 5 6 7 8 9 11 12 13 | 13.2
Conjurations   | 2 3 4 5 7 8 10 11 12 | 12.9
Fire Magic     | 4 5 7 8 10 11 12 | 12.3
Spellcasting   | 3 4 5 6 7 8 10 | 10.0
Shields        | 9 13 15 | 15.0
Earth Magic    | 5 10 12 | 12.1
Translocations | 3 4 |  4.0
Dodging        | 3 5 |  5.2
Stealth        | |  1.7

Action                   |  1- 3 |  4- 6 |  7- 9 | 10-12 | 13-15 | 16-18 || total
-------------------------+-------+-------+-------+-------+-------+-------++-------
Melee: Unarmed           |    13 |       |       |       |       |       ||    13
       Tailslap          |     2 |       |     3 |    13 |    84 |     9 ||   111
       Dagger            |       |       |    46 |       |       |       ||    46
       Flail             |       |       |   105 |   191 |   566 |    97 ||   959
       Staff             |       |       |       |       |     1 |       ||     1
 Cast: Flame Tongue      |    54 |   180 |   405 |   357 |   496 |   162 ||  1654
       Throw Flame       |     6 |    13 |    26 |     7 |     9 |    15 ||    76
       Sticky Flame      |       |       |    17 |   105 |   407 |    93 ||   622
       Conjure Flame     |       |       |     2 |       |     8 |       ||    10
       Fireball          |       |       |       |    44 |   112 |    22 ||   178
       Blink             |       |       |       |       |    11 |     2 ||    13
       Iron Shot         |       |       |       |       |    17 |    30 ||    47
Invok: Divine Energy     |       |       |       |     1 |       |       ||     1
Evoke: Wand              |       |       |       |       |    19 |       ||    19
  Use: Scroll            |       |     3 |     2 |    13 |    23 |     5 ||    46
       Potion            |       |     2 |       |       |    12 |     1 ||    15
  Eat: Chunk             |     4 |     9 |    17 |    50 |    59 |    18 ||   157
       Ration            |       |     1 |     2 |     3 |    25 |     6 ||    37
Armor: Skin              |     7 |    30 |   187 |   171 |   413 |   114 ||   922
Dodge: Dodged            |    19 |    57 |   397 |   480 |  1034 |   317 ||  2304
Block: Shield            |       |       |       |   282 |  1083 |   295 ||  1660
